 Dungeon Crawl Stone Soup version 0.31-a0-977-gc230f8ef24 (webtiles) character file.

Game seed: 4683269067382368055

184 timneilson the Ruffian (level 5, -1/35 HPs)
             Began as an Octopode Shapeshifter on Oct 29, 2023.
             Slain by an orc
             ... wielding a +0 dagger
              (4 damage)
             ... on level 3 of the Dungeon.
             The game lasted 00:03:57 (1899 turns).

timneilson the Ruffian (Octopode Shapeshifter)      Turns: 1899, Time: 00:03:58

Health: -1/35      AC:  1    Str: 15    XL:     5   Next: 64%
Magic:  6/6        EV: 13    Int: 13    God:
Gold:   128        SH:  5    Dex: 11    Spells: 6/6 levels left

rFire   . .          .
                       - Unarmed
rCold   . . .        (no shield)
rNeg    . . .        (helmet currently unavailable)
rPois   .            i - amulet of reflection
rElec   .            (no ring)
rCorr   .            (no ring)
SInv    .            (no ring)
Will    .....        (no ring)
Stlth   +++          (no ring)
HPRegen 0.25/turn    (no ring)
MPRegen 0.10/turn    (no ring)
                     (no ring)

%: reflection
@: beast-form
A: beast (slay +2), almost no armour, amphibious, 8 rings, camouflage 1,
gelatinous body 1, (nimble swimmer 1), tentacles
a: Begin Untransformation


You were on level 3 of the Dungeon.
You were a hulking beast.
You visited 1 branch of the dungeon, and saw 3 of its levels.

You collected 128 gold pieces.

Inventory:

Armour
 d - a +1 hat
Jewellery
 i - an amulet of reflection (around mantle)
Talismans
 b - a beast talisman
 c - a flux talisman
Scrolls
 g - a scroll of teleportation
Potions
 a - a potion of lignification
 e - a potion of haste
 f - a potion of mutation {unknown}
 h - a potion of curing {unknown}
 j - 2 potions of invisibility {unknown}


   Skills:
 * Level 2.4 Fighting
 * Level 3.0 Dodging
 + Level 2.1 Stealth
 * Level 3.7 Unarmed Combat
 + Level 1.2 Spellcasting
 * Level 3.7 Shapeshifting


You had 6 spell levels left.
You didn't know any spells.
Your spell library contained the following spells:

 Spells                   Type           Power      Damage    Failure   Level
 Cigotuvi's Dreadful Rot  Necr/Pois/Air  0%         N/A       38%         2
 Ensorcelled Hibernation  Hex/Ice        0%         N/A       38%         2
 Jinxbite                 Hex            0%         N/A       38%         2
 Ignite Poison            Fire/Tmut/Pois 0%         N/A       63%         3
 Anguish                  Hex/Necr       0%         N/A       95%         4
 Brom's Barrelling Bould  Conj/Erth      0%         2d3       95%         4
 Fireball                 Conj/Fire      0%         3d3       100%        5
 Freezing Cloud           Conj/Ice/Air   0%         6-21      100%        5
 Iskenderun's Battlesphe  Conj           0%         2d6       100%        5
 Conjure Ball Lightning   Conj/Air       0%         3x3d6     100%        6
 Orb of Destruction       Conj           0%         9d5       100%        7


Dungeon Overview and Level Annotations

Branches:
Dungeon (3/15)

Altars:


Innate Abilities, Weirdness & Mutations

You are a hulking beast.
Your limbs bulge with bestial killing power. (Slay +2)
You cannot wear most types of armour.
You are amphibious.
You can wear up to eight rings at the same time.
Your skin changes colour to match your surroundings (Stealth+).
Your rubbery body absorbs attacks. (AC +1, EV +1)
((You are camouflaged when in or above water. (Stealth+)))
You have tentacles for arms and can constrict up to eight enemies at once.


Message History

You see here 2 atropa-tipped darts.
You now have 128 gold pieces (gained 9).
An orc comes into view. It is wielding a +0 club.
The orc shouts!
The orc priest shouts!
The orc throws a boomerang.
The boomerang hits you.
The orc shouts!
The orc misses you. You block the orc's attack.
You barely miss the orc priest. You grab the orc priest.
You constrict the orc priest. The orc priest hits you with a +0 whip!
The orc hits you with a +0 dagger. The orc barely misses you.
You tentacle-slap the orc priest.
The orc priest is moderately wounded.
You constrict the orc priest. You block the orc priest's attack.
The frilled lizard bites you. The orc closely misses you.
You block the orc's attack.
You tentacle-slap the orc priest. x2
The orc priest is almost dead.
You constrict the orc priest.
The orc priest mumbles some strange prayers to Beogh against you.
Beogh smites you!
* * * LOW HITPOINT WARNING * * *
You block the frilled lizard's attack. The orc hits you with a +0 dagger.
* * * LOW HITPOINT WARNING * * *
You block the orc's attack.
You tentacle-slap the orc priest.
You kill the orc priest!
The orc closely misses you. The orc hits you with a +0 club.
* * * LOW HITPOINT WARNING * * *
The frilled lizard misses you.
Your Dodging skill increases to level 3!
Unknown command.
Okay, then.
The frilled lizard barely misses you. The orc attacks as it pursues you!
The orc misses you. The orc attacks as it pursues you!
The orc barely misses you. The orc attacks as it pursues you!
The orc closely misses you.
A dart slug comes into view.
The orc attacks as it pursues you! You block the orc's attack.
The orc attacks as it pursues you! The orc hits you with a +0 dagger.
You die...

.#.##.##.....# .
.## #.##.....# ##.
.# #.##.....# w.
.####.##.....##.#
.............#..
.####.##.....#.#
.# #.##.....#.# .#
#.#####..รท.#####
.#
#.#####..l.oh<.###
##
#....##.o#####...#
####>##..# ###.#
#....## #.#
######..# #.#
#...##..# #..
#..)....# ###
#........#
#........#


You could see 2 orcs and a frilled lizard.

Vanquished Creatures
  An orc priest (D:3)
  Jessica (D:2)
  Terence (D:2)
  Natasha (D:2)
  3 adders
  A worm (D:3)
  2 dart slugs
  An orc (D:3)
  5 endoplasms
  3 giant cockroaches
  3 hobgoblins
  6 jackals
  2 kobolds
  4 quokkas
  3 ball pythons
  2 bats
  4 frilled lizards
  3 rats
46 creatures vanquished.

Notes
Turn   | Place    | Note
-------+----------+-------------------------------------------
     0 | D:1      | timneilson the Octopode Shapeshifter began the quest for
                  | the Orb.
     0 | D:1      | Reached XP level 1. HP: 13/13 MP: 1/1
   110 | D:1      | Reached XP level 2. HP: 18/18 MP: 2/2
   336 | D:1      | Reached skill level 1 in Stealth
   735 | D:2      | Reached XP level 3. HP: 23/23 MP: 3/3
   960 | D:2      | Noticed Terence
   974 | D:2      | Killed Terence
   975 | D:2      | Reached XP level 4. HP: 15/29 MP: 4/4
  1037 | D:2      | Noticed Natasha
  1042 | D:2      | Killed Natasha
  1210 | D:2      | Noticed Jessica
  1221 | D:2      | Killed Jessica
  1321 | D:2      | You fall into a shaft and drop 1 floor!
  1616 | D:3      | Reached XP level 5. HP: 31/34 MP: 6/6
  1654 | D:3      | Reached skill level 1 in Spellcasting
  1889 | D:3      | HP: 1/35 [orc/+0 club (1)]
  1899 | D:3      | Slain by an orc

Illustrated notes

Levels and vault maps discovered:
D:1:      minmay_arrival_split_and_join, layout_basic, interstate_on_off,
          minmay_misc_feat_columns, grunt_decor_cap
D:2:      layout_basic, uniq_natasha, uniq_jessica, uniq_terence
D:3:      layout_rooms, kennysheep_potato, uniq_crazy_yiuf_cottage

Skill      XL: |  1  2  3  4  5 |
---------------+----------------+-----
Stealth        | 1 2 |  2.1
Fighting       | 2 |  2.4
Spellcasting   | 1 |  1.2
Dodging        | 3 |  3.0
Unarmed Combat | |  3.7
Shapeshifting  | |  3.7

Action                     |  1- 3 |  4- 6 || total
---------------------------+-------+-------++-------
  Melee: Unarmed           |    47 |    52 ||    99
         Constrict         |    11 |    12 ||    23
         Punch             |     3 |     2 ||     5
         Tentacles         |     8 |     6 ||    14
    Use: Scroll            |     1 |     2 ||     3
   Stab: Sleeping          |     3 |     3 ||     6
         Distracted        |       |     1 ||     1
 Armour: Skin              |    12 |    25 ||    37
  Dodge: Dodged            |    28 |    32 ||    60
  Block: Other             |       |     7 ||     7

Table legend: (Time is in decaauts)
 A = Elapsed time spent in this place.
 B = Non-inter-level travel time spent in this place.
 C = Inter-level travel time spent in this place.
 D = Time resting spent in this place.
 E = Time spent auto-exploring this place.
 F = Levels seen in this place.
 G = Mean time per level.
                   A        B        C        D        E       F      G
               +--------+--------+--------+--------+--------+-----+--------+
         Total |   1893 |   1824 |     69 |    100 |   1278 |   3 |  631.0 |
       Dungeon |   1893 |   1824 |     69 |    100 |   1278 |   3 |  631.0 |
               +--------+--------+--------+--------+--------+-----+--------+

Top non-repeatable levels by time:
     D:2: 935 daAuts
     D:1: 633 daAuts
     D:3: 324 daAuts
